Map: 어비설 리프 - 래더

Players

GuMiho

  • Race: Terran Terran
  • League: Grandmaster
  • Spawn Location: 5:00

herO - Winner!

  • Race: Protoss Protoss
  • League: Grandmaster
  • Spawn Location: 11:00

VOD

Have the link to the VOD?

Description

Time

  • Played on: May 23, 2017, 8:59 a.m.
  • Length: 5:48
Show
View Real Time Build Order
Export as new Build Order

GuMiho Terran 

Build Orders: Cyclone Opening, Reaper Expand 

Get SALT Encoding   

  12  0:00  SCV  
  13  0:12  SCV  
  14  0:17  Supply Depot  
  14  0:25  SCV  
  15  0:38  SCV  
  15  0:39  Barracks  
  16  0:47  Refinery  
  16  0:50  SCV  
  17  1:02  SCV  
  18  1:14  SCV  
  19  1:27  Orbital Command  
  19  1:29  Reaper  
  20  1:40  Command Center  
  20  1:49  Supply Depot  
  20  1:53  SCV  
  21  2:01  Marine  
  22  2:05  SCV  
  23  2:08  Factory  
  23  2:15  Refinery  
  23  2:18  SCV, Marine  
  25  2:30  SCV  
  25  2:36  Marine  
  27  2:42  SCV  
  28  2:48  Supply Depot  
  28  2:52  Cyclone  
  28  2:53  Orbital Command  
  28  2:54  SCV  
  28  2:55  Marine  
  32  3:06  SCV, Starport  
  32  3:15  Supply Depot, Marine  
  32  3:19  SCV  
  33  3:31  Cyclone  
  33  3:32  SCV  
  33  3:40  Engineering Bay  
  33  3:44  SCV  
  33  3:46  Barracks Reactor  
  34  3:48  Viking  
  36  3:56  SCV  
  36  3:59  Barracks  
  36  4:02  Supply Depot  
  37  4:07  Cyclone  
  40  4:10  SCV  
  34  4:24  SCV  
  34  4:26  Missile Turret  
  32  4:36  SCV  
  32  4:44  Cyclone  
  35  4:45  Marine  
  35  4:48  Marine  
  37  4:53  Orbital Command  
  35  5:02  SCV  
  34  5:09  Viking  
  36  5:28  Marine  
Show
View Real Time Build Order
Export as new Build Order

herO Protoss - Winner!

Build Orders: Oracle Opening 

Get SALT Encoding   

  13  0:10  Pylon  
  13  0:12  Probe (Chrono Boost)  
  13  0:23  Probe (Chrono Boost)  
  14  0:29  Gateway  
  14  0:33  Probe (Chrono Boost)  
  15  0:40  Assimilator  
  15  0:44  Probe (Chrono Boost)  
  15  0:49  Assimilator  
  16  0:54  Probe (Chrono Boost)  
  17  1:05  Probe (Chrono Boost)  
  18  1:16  Probe (Chrono Boost)  
  18  1:17  Cybernetics Core  
  19  1:26  Probe (Chrono Boost)  
  20  1:33  Pylon  
  20  1:37  Probe (Chrono Boost)  
  21  1:50  Adept  
  25  1:56  Mothership Core (Chrono Boost)  
  25  2:00  Stargate  
  25  2:10  Warp Gate  
  25  2:13  Adept  
  26  2:16  Probe (Chrono Boost)  
  26  2:22  Pylon  
  28  2:28  Probe (Chrono Boost)  
  28  2:42  Pylon  
  28  2:43  Oracle  
  31  2:52  Probe (Chrono Boost)  
  31  3:04  Probe (Chrono Boost)  
  32  3:13  Void Ray  
  36  3:22  Probe (Chrono Boost)  
  36  3:36  Gateway x2  
  36  4:01  Pylon  
  36  4:02  Void Ray  
  34  4:29  Stalker  
  34  4:30  Stalker  
  34  4:31  Stalker  
  36  4:39  Void Ray  
  40  4:59  Stalker x2  
  42  5:05  Stalker  
  39  5:31  Stalker x3  
Tags
 
Add a new tag
Caveats
  • Supply blocks, unpowered buildings, or Contaminate may cause inaccurate times.
  • Supply counts are checked every 10 seconds.